 Dungeon Crawl Stone Soup version 0.23.1 (webtiles) character file.

Game seed: 17788897839834165414

23367 PentaManta the Spry (level 13, 0/112 HPs)
             Began as a Merfolk Monk on Mar 10, 2019.
             Was the Champion of Dithmenos.
             Shot with an arrow by a centaur (3 damage)
             ... led by a centaur warrior
             ... on level 14 of the Dungeon.
             The game lasted 01:13:30 (16412 turns).

PentaManta the Spry (Merfolk Monk)                 Turns: 16412, Time: 01:13:31

Health: 0/112      AC:  5    Str: 16    XL:     13   Next: 6%
Magic:  0/13       EV: 21    Int: 10    God:    Dithmenos [******]
Gold:   433        SH:  0    Dex: 14    Spells: 12/12 levels left

rFire    . . .     SeeInvis +   r - +2 scimitar (flame)
rCold    . . .     Gourm    .   (no shield)
rNeg     . . .     Faith    +   p - +0 troll leather armour
rPois    .         Spirit   +   f - +0 hat {SInv}
rElec    .         Reflect  .   P - scarf {Spirit}
rCorr    +         Harm     .   (no gloves)
MR       .....                  s - +0 pair of boots
Stlth    +++++++...             g - amulet of faith
HPRegen  0.68/turn              n - ring of resist corrosion
MPRegen  0.13/turn              o - ring of stealth

@: very slightly contaminated, wreathed by umbra
A: change form in water, swift swim, stealthy swim, blink, clumsy 1
a: Blink, Shadow Step, Shadow Form, Renounce Religion


You were on level 14 of the Dungeon.
You worshipped Dithmenos.
Dithmenos was exalted by your worship.
You were not hungry.

You visited 2 branches of the dungeon, and saw 15 of its levels.

You collected 583 gold pieces.
You spent 150 gold pieces at shops.

Inventory:

Hand Weapons
 j - a +0 dagger
 r - a +2 scimitar of flaming (weapon)
 y - the +1 trident of Righteous Fury {holy, rElec rPois rF-}
   (You found it on level 5 of the Dungeon)

   It has been blessed by the Shining One to cause great damage to the undead
   and demons.
   It makes you vulnerable to fire.
   It insulates you from electricity.
   It protects you from poison.
 G - a +2 long sword of freezing
 L - a +3 great sword
Missiles
 z - 9 tomahawks
 A - 2 javelins (quivered)
Armour
 b - a +0 large shield
 f - a +0 hat of see invisible (worn)
 p - a +0 troll leather armour (worn)
 s - a +0 pair of boots (worn)
 v - a +2 robe of fire resistance
 F - a +0 shield
 P - a scarf of spirit shield (worn)
Jewellery
 g - an amulet of faith (around neck)
 n - a ring of resist corrosion (left hand)
 o - a ring of stealth (right hand)
 K - an uncursed ring of see invisible {unknown}
Wands
 t - a wand of digging (10)
 u - a wand of flame (19)
 B - a wand of polymorph (10)
 C - a wand of random effects (7)
Scrolls
 e - 3 scrolls of blinking
 h - 7 scrolls of identify
 k - 5 scrolls of enchant armour
 l - 9 scrolls of remove curse
 m - a scroll of enchant weapon
 q - 3 scrolls of magic mapping
 x - 3 scrolls of teleportation
 D - a scroll of amnesia
Potions
 a - 2 potions of curing
 d - 2 potions of berserk rage
 i - a potion of flight
 w - a potion of brilliance
 E - a potion of heal wounds
 J - a potion of cancellation {unknown}
Miscellaneous
 I - a phantom mirror
Comestibles
 c - 31 rations


   Skills:
 * Level 13.6 Fighting
 * Level 13.6 Long Blades
 - Level 15.0 Dodging
 + Level 6.1 Stealth
 - Level 1.1 Shields


You had 12 spell levels left.
You didn't know any spells.
Your spell library contained the following spells:

 Spells                   Type           Power        Failure   Level  Hunger
 Corona                   Hex            #......      43%         1    ##.....
 Freeze                   Ice            #...         43%         1    ##.....
 Ensorcelled Hibernation  Hex/Ice        #.....       56%         2    ###....
 Slow                     Hex            #.......     56%         2    ###....
 Throw Frost              Conj/Ice       #.....       56%         2    ###....
 Confuse                  Hex            #.......     80%         3    ####...
 Dazzling Spray           Conj/Hex       #.....       80%         3    ####...
 Inner Flame              Hex/Fire       #.......     80%         3    ####...
 Ozocubu's Armour         Chrm/Ice       #.......     80%         3    ####...
 Portal Projectile        Hex/Tloc       #.....       80%         3    ####...
 Tukima's Dance           Hex            #.......     80%         3    ####...
 Cause Fear               Hex            #.........   99%         4    #####..
 Leda's Liquefaction      Hex/Erth       #.........   99%         4    #####..
 Summon Ice Beast         Ice/Summ       #.......     99%         4    #####..
 Throw Icicle             Conj/Ice       #.......     99%         4    #####..


Dungeon Overview and Level Annotations

Branches:
Dungeon (14/15)            Temple (1/1) D:4            Lair (0/6) D:9
    Orc (0/2) D:11
 Vaults: D:13-14

Altars:
Ashenzari
Cheibriados
Dithmenos
Elyvilon
Fedhas
Gozag
Hepliaklqana
Kikubaaqudgha
Makhleb
Nemelex Xobeh
Okawaru
Qazlal
Ru
Sif Muna
Trog
Uskayaw
Vehumet
Wu Jian
Xom
Yredelemnul
Zin
The Shining One

Shops:
D:11 *

Annotations:
D:8 1 exclusion


Innate Abilities, Weirdness & Mutations

You revert to your normal form in water You are very nimble and swift while swimming.
You are very stealthy in the water. (Stealth+)
You can translocate small distances at will.
You are clumsy. (Dex -2)


Message History

The centaur shoots an arrow.
The arrow completely misses you.
The brown ugly thing gurgles horribly!
Okay, then.
Blink to where?
Press: ? - help, Dir - move target cursor You are very lightly contaminated with residual magic.
As you read the scroll of blinking, it crumbles to dust.
The centaur shoots an arrow.
The arrow completely misses you.
As you read the scroll of fog, it crumbles to dust.
The scroll dissolves into smoke.
The centaur shoots an arrow.
The arrow closely misses you.
The centaur shoots an arrow.
The arrow completely misses you.
You see here an arrow.
The centaur shoots an arrow.
The arrow closely misses you.
The centaur shoots an arrow.
The arrow closely misses you.
The centaur shoots an arrow.
The arrow hits you!
* * * LOW HITPOINT WARNING * * *
You see here an arrow.
The centaur shoots an arrow.
The arrow hits you.
You die...

#..♣♣ ♣..§..§§§##...#
#...♣♣♣♣♣♣..#§§§§§§.####
#.##..........§§c§#§..###
#.#######.....§..c###...###
#.####....................###
#...##...................#..###
###..#..........##..††........#
#......#...#..(###((.(†.......
#..........##.@##.............
####.........(................
###......###...............
#...#...##.#.#.........##..
#..<.......>.#........... .
#.........................
......#......#...........###.
#.#..###....###......#...#
#..... ......##.....###..##


You could see 2 centaurs.

Vanquished Creatures
  Gastronok (D:8)
  Erica (D:7)
  A two-headed ogre (D:11)
  A tengu warrior (D:11)
  An unseen horror (D:10)
  A harpy (shapeshifter) (D:13)
  5 ugly things
  A manticore (D:12)
  A gargoyle (D:12)
  A centaur skeleton (D:12)
  A kobold demonologist (D:12)
  A komodo dragon (D:13)
  3 trolls
  3 hornets
  Grinder (D:6)
  5 hippogriffs
  5 slime creatures
  3 wyverns
  A wraith (D:10)
  18 yaks
  A human (D:6)
  Eustachio (D:6)
  A basilisk (D:14)
  4 vampire mosquitoes (D:14)
  A warg (D:11)
  4 water moccasins
  4 porcupines (D:8)
  A black bear (D:9)
  6 ice beasts
  3 orc warriors
  2 phantoms
  6 sky beasts
  2 necrophages (D:12)
  4 ogres
  2 wolves (D:9)
  16 centaurs
  2 crocodiles
  2 big kobolds
  9 bullfrogs
  A gnoll sergeant (D:7)
  3 scorpions
  5 killer bees
  8 wights (D:12)
  3 howler monkeys
  A centaur zombie (D:6)
  2 electric eels (D:9)
  3 crimson imps
  3 quasits
  5 bullfrog zombies
  11 hounds
  7 jellies
  8 orc priests
  2 bullfrog skeletons
  5 iguanas
  9 orc wizards
  7 worker ants
  A hound zombie (D:8)
  2 howler monkey zombies
  A worker ant zombie (D:5)
  8 gnolls
  15 adders
  2 shadow imps
  3 oozes
  A worm (D:3)
  4 dart slugs (D:1)
  5 leopard geckos
  36 orcs
  A giant cockroach (D:3)
  5 goblins
  7 hobgoblins
  8 jackals
  2 quokkas
  A ball python (D:2)
  10 bats
  5 frilled lizards
  A jackal skeleton (D:6)
  A jackal zombie (D:6)
  13 kobolds
  A kobold skeleton (D:6)
  A quokka skeleton (D:7)
  A quokka zombie (D:5)
  2 rats
346 creatures vanquished.

Vanquished Creatures (others)
  A wraith (D:14)
  A centaur (D:14)
2 creatures vanquished.

Grand Total: 348 creatures vanquished

Notes
Turn   | Place    | Note
-------+----------+-------------------------------------------
     0 | D:1      | PentaManta the Merfolk Monk began the quest for the Orb.
     0 | D:1      | Reached XP level 1. HP: 18/18 MP: 1/1
    59 | D:1      | Reached XP level 2. HP: 23/24 MP: 2/2
   382 | D:1      | Reached skill level 12 in Dodging
   382 | D:1      | Reached XP level 3. HP: 29/29 MP: 3/3
   597 | D:1      | Reached XP level 4. HP: 36/36 MP: 4/4
   754 | D:1      | You fall through a shaft!
  1095 | D:2      | Noticed a bullfrog
  1105 | D:2      | Killed a bullfrog
  1105 | D:2      | Reached XP level 5. HP: 35/42 MP: 5/5
  1892 | D:3      | Noticed a hippogriff
  2282 | D:3      | Found a faded altar of an unknown god.
  2422 | D:3      | Killed a hippogriff
  2422 | D:3      | Reached XP level 6. HP: 41/49 MP: 6/6
  2883 | D:4      | Reached XP level 7. HP: 49/55 MP: 7/7
  3194 | D:4      | Found a staircase to the Ecumenical Temple.
  3350 | Temple   | Entered the Ecumenical Temple
  3384 | Temple   | Became a worshipper of Dithmenos the Shadowed
  3384 | Temple   | Reached * piety under Dithmenos
  3384 | Temple   | Reached ** piety under Dithmenos
  3646 | D:5      | Entered Level 5 of the Dungeon
  3767 | D:5      | Reached skill level 5 in Fighting
  3855 | D:5      | Reached skill level 5 in Long Blades
  4280 | D:5      | Found a burning altar of Makhleb.
  4557 | D:5      | Found a blossoming altar of Fedhas.
  4583 | D:5      | Got a crude trident
  4617 | D:5      | Found an ancient bone altar of Kikubaaqudgha.
  5058 | D:6      | Reached XP level 8. HP: 64/64 MP: 8/8
  6228 | D:8      | Reached *** piety under Dithmenos
  6479 | D:8      | Reached XP level 9. HP: 59/72 MP: 9/9
  6862 | D:8      | Noticed Gastronok
  6903 | D:8      | Killed Gastronok
  6903 | D:8      | Reached skill level 13 in Dodging
  6903 | D:8      | Reached XP level 10. HP: 16/82 MP: 10/10
  7506 | D:8      | Noticed Erica
  8122 | D:6      | Noticed Eustachio
  8473 | D:6      | Killed Eustachio
  8630 | D:6      | Identified the +1 trident of Righteous Fury {holy, rElec
                  | rPois rF-} (You found it on level 5 of the Dungeon)
  8791 | D:6      | Found a runed translucent door.
  8803 | D:6      | Found a basalt altar of Yredelemnul.
  9133 | D:6      | Noticed Grinder
  9152 | D:6      | Paralysed by Grinder for 7 turns
  9160 | D:6      | Gained mutation: You are clumsy. (Dex -2) [potion of
                  | mutation]
  9160 | D:6      | Gained mutation: You can translocate small distances at
                  | will. [potion of mutation]
  9586 | D:6      | Killed Grinder
 10016 | D:7      | Killed Erica
 10016 | D:7      | Reached skill level 10 in Fighting
 10016 | D:7      | Reached skill level 10 in Long Blades
 10334 | D:7      | Reached **** piety under Dithmenos
 10450 | D:7      | Paralysed by a hornet for 1 turns
 10711 | D:8      | Reached XP level 11. HP: 60/92 MP: 11/11
 10959 | D:8      | Found a hide-covered altar of Uskayaw.
 11286 | D:9      | Found a staircase to the Lair.
 11303 | D:9      | Reached skill level 14 in Dodging
 11391 | D:9      | Found a glowing silver altar of Zin.
 12114 | D:10     | Entered Level 10 of the Dungeon
 12311 | D:10     | Noticed an unseen horror
 12320 | D:10     | Killed an unseen horror
 12389 | D:10     | You fall through a shaft for 2 floors!
 12577 | D:11     | Noticed a two-headed ogre
 13110 | D:11     | Found a staircase to the Orcish Mines.
 13196 | D:10     | Reached ***** piety under Dithmenos
 13427 | D:11     | Found a stormy altar of Qazlal.
 13626 | D:11     | Killed a two-headed ogre
 13648 | D:11     | Found Etties's General Store.
 13662 | D:11     | Bought a scroll of enchant armour for 90 gold pieces
 13662 | D:11     | Bought a potion of heal wounds for 60 gold pieces
 13667 | D:11     | Noticed a tengu warrior
 13673 | D:11     | Killed a tengu warrior
 13673 | D:11     | Reached XP level 12. HP: 88/102 MP: 7/12
 14410 | D:12     | Reached skill level 15 in Dodging
 14689 | D:12     | Reached skill level 1 in Shields
 15173 | D:12     | Reached skill level 5 in Stealth
 15255 | D:13     | Reached ****** piety under Dithmenos
 16127 | D:13     | Noticed a vault guard
 16255 | D:14     | Reached XP level 13. HP: 89/111 MP: 9/13
 16401 | D:14     | HP: 2/112 [centaur warrior/arrow (9)]
 16411 | D:14     | HP: 3/112 [centaur/arrow[a centaur warrior] (6)]
 16412 | D:14     | Shot with an arrow by a centaur

Skill      XL: |  1  2  3  4  5  6  7  8  9 10 11 12 13 |
---------------+----------------------------------------+-----
Dodging        | 12 13 14 15 | 15.0
Stealth        | 3 4 5 6 |  6.1
Long Blades    | 4 5 7 8 10 11 13 | 13.6
Fighting       | 4 5 7 8 10 12 13 | 13.6
Shields        | 1 |  1.1

Action                   |  1- 3 |  4- 6 |  7- 9 | 10-12 | 13-15 || total
-------------------------+-------+-------+-------+-------+-------++-------
Melee: Falchion          |    36 |   152 |   341 |   284 |       ||   813
       Dagger            |       |       |    17 |     3 |       ||    20
       Scimitar          |       |       |       |   587 |    32 ||   619
       Great sword       |       |       |       |     8 |       ||     8
       Unarmed           |       |       |       |     3 |       ||     3
Throw: Tomahawk          |       |       |    13 |    21 |       ||    34
       Javelin           |       |       |       |    10 |       ||    10
Invok: Shadow Step       |       |       |     1 |     4 |       ||     5
 Abil: Blink             |       |       |       |     1 |     1 ||     2
Evoke: Wand              |       |       |     5 |     6 |       ||    11
  Use: Scroll            |     3 |    10 |     2 |    10 |     2 ||    27
       Potion            |     1 |     2 |     6 |     5 |     2 ||    16
 Stab: Sleeping          |     2 |    11 |    16 |    37 |       ||    66
       Invisible         |       |     9 |       |       |       ||     9
       Distracted        |       |       |       |     1 |       ||     1
  Eat: Chunk             |       |     7 |    13 |    25 |       ||    45
       Ration            |       |       |       |     2 |       ||     2
Armor: Robe              |     4 |    30 |    30 |    15 |       ||    79
       Skin              |       |       |    77 |       |       ||    77
       Troll leather arm |       |       |       |    44 |     4 ||    48
Dodge: Dodged            |    36 |   187 |   366 |   891 |    60 ||  1540
       Rpst.: Falchion   |    13 |    46 |   104 |    77 |       ||   240
       Scimitar          |       |       |       |   190 |     9 ||   199
